Map: [ESL] Tropical Sacrifice

Players

SpeCial - Winner!

  • Race: Terran Terran
  • Spawn Location: 1:00

Cham

  • Race: Zerg Zerg
  • Spawn Location: 7:00

Event: DreamHack SC2 Masters 2022 Atlanta (Online)

VOD

Have the link to the VOD?

Description

Time

  • Played on: Oct. 2, 2022, 5:38 p.m.
  • Length: 8:29

All games in this series

Show
View Real Time Build Order
Export as new Build Order

SpeCial Terran - Winner!

Build Orders: Hellion Opening 

Get SALT Encoding   

  12  0:00  SCV  
  13  0:12  SCV  
  14  0:17  Supply Depot  
  14  0:24  SCV  
  15  0:39  SCV  
  15  0:40  Barracks  
  16  0:43  Refinery  
  16  0:51  SCV  
  17  1:03  SCV  
  18  1:15  SCV  
  19  1:28  Orbital Command  
  19  1:38  Command Center  
  19  1:49  Factory  
  20  1:57  SCV  
  20  2:02  Barracks Reactor  
  20  2:07  Refinery  
  20  2:09  SCV  
  20  2:13  Supply Depot  
  21  2:21  SCV  
  22  2:34  SCV  
  23  2:38  Starport  
  23  2:43  Hellion x2  
  27  2:46  SCV  
  27  2:48  Barracks Tech Lab  
  28  2:55  Orbital Command  
  28  2:58  SCV  
  29  3:04  Hellion  
  31  3:10  Hellion  
  31  3:11  SCV  
  34  3:15  Marine  
  35  3:21  Raven  
  35  3:22  SCV  
  35  3:23  SCV  
  39  3:33  Supply Depot, Hellion  
  41  3:37  Hellion  
  41  3:39  Barracks Tech Lab  
  43  3:41  SCV  
  43  3:43  SCV  
  45  3:53  SCV  
  46  3:55  SCV  
  46  3:58  Hellion x2  
  47  4:06  SCV, Raven  
  47  4:08  SCV, Marine  
  48  4:10  Supply Depot  
  48  4:18  SCV, Stimpack  
  48  4:20  SCV  
  50  4:24  Barracks  
  50  4:26  Marine  
  50  4:30  SCV, Factory Reactor  
  52  4:32  SCV  
  52  4:33  Barracks  
  53  4:40  Supply Depot  
  53  4:42  SCV  
  53  4:43  Marine  
  53  4:44  SCV  
  56  4:55  SCV  
  56  4:58  Starport Reactor  
  56  4:59  Barracks, SCV  
  58  5:00  Barracks  
  58  5:01  Marine  
  58  5:03  Supply Depot  
  55  5:07  SCV  
  55  5:12  SCV  
  55  5:13  Refinery  
  53  5:19  SCV, Marine  
  55  5:21  Siege Tank  
  55  5:22  Marine x2  
  55  5:25  Refinery  
  55  5:26  Supply Depot  
  60  5:28  SCV  
  60  5:33  Marine x2  
  63  5:37  Marine  
  63  5:38  Medivac x2  
  63  5:40  Marine x2  
  63  5:41  Supply Depot  
  70  5:48  Barracks Reactor, Supply Depot  
  70  5:51  Barracks Reactor, Marine x2  
  70  5:55  Marine  
  73  5:58  Marine  
  73  5:59  Combat Shield  
  73  6:00  Supply Depot  
  73  6:01  Marine  
  77  6:09  Engineering Bay, Marine x2  
  77  6:10  Supply Depot  
  77  6:12  Marine  
  77  6:15  Siege Tank  
  77  6:16  Marine  
  82  6:18  Marine  
  82  6:20  Medivac  
  85  6:27  Marine  
  85  6:30  Medivac  
  85  6:31  Marine  
  85  6:32  Marine  
  90  6:40  Marine  
  90  6:45  Marine x6  
  93  6:47  Siege Tank  
  93  6:49  Marine  
  93  6:50  Marine  
  97  6:57  Marine  
  98  7:03  Marine x6  
  98  7:07  Marine x2  
  106  7:15  Marine  
  106  7:20  Marine  
  106  7:21  Marine x4  
  112  7:24  Siege Tank  
  112  7:26  Marine  
  116  7:33  Marine x2  
  118  7:42  Marine  
  113  7:45  Marine x2  
  113  7:47  Medivac  
  113  7:48  Medivac  
  115  7:51  Marine  
  115  7:52  Marine  
  115  7:55  Marine x4  
  111  7:56  Siege Tank  
  111  8:00  Marine  
Show
View Real Time Build Order
Export as new Build Order

Cham Zerg 

Build Orders: Hatch First 

Get SALT Encoding   

  12  0:00  Drone  
  13  0:09  Drone  
  14  0:17  Overlord  
  14  0:35  Drone  
  14  0:36  Drone  
  16  0:50  Hatchery  
  16  0:52  Drone  
  16  0:56  Drone  
  17  0:59  Drone  
  18  1:12  Spawning Pool  
  18  1:15  Extractor  
  18  1:18  Drone  
  17  1:21  Drone  
  18  1:30  Drone  
  19  1:40  Drone  
  20  1:52  Drone  
  21  2:02  Queen x2  
  21  2:03  Zergling x4  
  27  2:13  Drone  
  27  2:14  Overlord  
  28  2:26  Hatchery  
  28  2:29  Drone  
  28  2:32  Drone  
  29  2:38  Drone x2  
  31  2:44  Queen  
  31  2:49  Overlord  
  33  2:53  Drone  
  33  2:57  Drone x2  
  36  3:01  Metabolic Boost  
  36  3:13  Drone x5  
  41  3:20  Queen  
  43  3:27  Overlord  
  43  3:31  Overlord  
  43  3:37  Queen  
  43  3:38  Zergling x2  
  43  3:39  Zergling x4  
  48  3:44  Drone x2  
  48  3:45  Queen  
  52  3:50  Zergling x2  
  52  3:55  Evolution Chamber  
  50  3:58  Evolution Chamber  
  49  4:05  Drone x2  
  49  4:07  Drone  
  49  4:08  Drone x5  
  57  4:10  Overlord  
  57  4:18  Drone, Overlord  
  57  4:19  Drone  
  57  4:20  Drone x2  
  57  4:23  Overlord  
  61  4:26  Drone  
  61  4:27  Drone  
  61  4:30  Spore Crawler  
  62  4:33  Extractor  
  60  4:39  Drone x3  
  62  4:46  Zergling x4  
  62  4:48  Drone  
  62  4:51  Drone  
  62  4:52  Drone  
  67  4:53  Lair, Drone  
  68  5:01  Zergling x4  
  63  5:09  Drone x9  
  63  5:11  Drone  
  63  5:12  Drone  
  63  5:13  Drone  
  75  5:17  Extractor  
  75  5:18  Extractor  
  71  5:21  Drone  
  71  5:23  Drone  
  71  5:24  Drone  
  71  5:25  Drone x2  
  71  5:26  Drone  
  76  5:31  Zergling x2  
  76  5:32  Zergling x2, Drone  
  76  5:34  Drone  
  77  5:38  Evolution Chamber  
  77  5:39  Evolution Chamber  
  77  5:42  Extractor  
  74  5:43  Extractor  
  74  5:45  Drone x3  
  74  5:46  Drone  
  74  5:48  Drone  
  74  5:49  Zergling x4  
  80  5:51  Baneling Nest  
  80  5:55  Spire  
  80  5:56  Hatchery  
  79  5:58  Zergling x2  
  79  5:59  Zergling x2  
  81  6:05  Drone x2  
  81  6:09  Zergling x2, Drone x2, Overlord  
  81  6:10  Zergling x2  
  87  6:13  Drone  
  87  6:14  Zergling x2  
  87  6:15  Overlord  
  89  6:19  Overlord  
  89  6:20  Overlord  
  89  6:29  Overlord  
  89  6:33  Zergling x16  
  89  6:35  Overlord  
  93  6:45  Overlord x2  
  91  6:53  Overlord  
  86  7:06  Mutalisk x5  
  86  7:07  Mutalisk x5  
  106  7:09  Mutalisk  
  106  7:13  Mutalisk  
  110  7:17  Mutalisk  
  110  7:18  Zergling x2  
  110  7:20  Zergling x4  
  115  7:24  Zergling x2, Baneling  
  115  7:25  Zergling x6  
  115  7:27  Zergling x2  
  115  7:28  Zergling x2, Baneling x3  
  115  7:29  Zergling x2  
  107  7:43  Zergling x14  
  100  7:47  Mutalisk x2  
Tags
 
Add a new tag
Caveats
  • Supply blocks, unpowered buildings, or Contaminate may cause inaccurate times.
  • Supply counts are checked every 10 seconds.